 Dungeon Crawl Stone Soup version 0.23-a0-435-g79ed067e35 (webtiles) character file.

39 Hercules1031 the Ducker (level 3, 0/19 HPs)
             Began as a Spriggan Monk on Nov 16, 2018.
             Slain by an orc
             ... wielding a cursed -2 flail
              (4 damage)
             ... on level 2 of the Dungeon on Nov 18, 2018.
             The game lasted 00:03:53 (573 turns).

Hercules1031 the Ducker (Spriggan Monk)              Turns: 573, Time: 00:03:54

Health: 0/19       AC:  2    Str:  7    XL:     3   Next: 26%
Magic:  4/4        EV: 21    Int: 11    God:
Gold:   31         SH:  0    Dex: 19    Spells: 2/2 levels left

rFire    . . .     SeeInvis +   a - +0 short sword
rCold    . . .     Gourm    .   (shield restricted)
rNeg     . . .     Faith    .   b - +0 robe
rPois    .         Spirit   .   (helmet restricted)
rElec    .         Reflect  .   (no cloak)
rCorr    .         Harm     .   (gloves unavailable)
MR       .....                  (boots unavailable)
Stlth    +++.......             (no amulet)
HPRegen  0.06/turn              (no ring)
MPRegen  0.09/turn              (no ring)

@: hasted, very quick
A: very small, unfitting armour, see invisible, herbivore, speed 3, slow
metabolism 2
a: no special abilities


You were on level 2 of the Dungeon.
You were not hungry.

You visited 1 branch of the dungeon, and saw 2 of its levels.

You collected 31 gold pieces.

Inventory:

Hand Weapons
 a - a +0 short sword (weapon)
Armour
 b - a +0 robe (worn)
Potions
 d - a potion of haste
Comestibles
 c - 3 rations


   Skills:
 + Level 2.7 Fighting
 + Level 3.6 Short Blades
 * Level 5.3 Dodging
 + Level 3.7 Stealth


You had 2 spell levels left.
You didn't know any spells.
Your spell library was empty.

Dungeon Overview and Level Annotations

Branches:
Dungeon (2/15)

Altars:


Innate Abilities, Weirdness & Mutations

You are very small and have problems with some larger weapons.
You are too small for most types of armour.
You have supernaturally acute eyesight. (SInv)
You are a herbivore.
You cover ground extremely quickly.
You need to consume almost no food.


Message History

The orc wizard misses you. The orc barely misses you.
The orc completely misses you.
Unknown command.
It was a potion of haste.
You feel yourself speed up. The orc wizard misses you.
The orc closely misses you. The orc barely misses you.
You miss the orc wizard. You closely miss the orc wizard.
The orc wizard barely misses you. The orc barely misses you.
You feel less confused. The orc wizard misses you.
You hit the orc wizard but do no damage.
The orc barely misses you. The orc completely misses you.
You hit the orc wizard.
The orc wizard is lightly wounded.
The orc wizard barely misses you. The orc misses you.
You closely miss the orc wizard.
The orc wizard is lightly wounded.
The orc hits you with a cursed -2 flail.
You die...

#......... #.
#........#. ##.
.#.......... ....
.......... .....
#...... . .....##....#
.. ..........<# .#
......o@...######.#
......oo..........#
..................####
....######............
... ....[.......######
.. ........>...##...#
. .(...........##...#
.............##....
.............##....


You could see an orc wizard and 2 orcs.

Vanquished Creatures
  An adder (D:2)
  A leopard gecko (D:1)
  6 bats (D:1)
  A giant cockroach (D:1)
  4 goblins
  7 jackals
  2 frilled lizards (D:1)
  A kobold (D:1)
  3 rats (D:1)
26 creatures vanquished.

Vanquished Creatures (others)
  5 toadstools (D:1)
5 creatures vanquished.

Grand Total: 31 creatures vanquished

Notes
Turn   | Place    | Note
-------+----------+-------------------------------------------
     0 | D:1      | Hercules1031 the Spriggan Monk began the quest for the Orb.
     0 | D:1      | Reached XP level 1. HP: 11/11 MP: 2/2
    59 | D:1      | Reached XP level 2. HP: 10/16 MP: 3/3
   233 | D:1      | Reached skill level 5 in Dodging
   523 | D:2      | Reached XP level 3. HP: 16/19 MP: 4/4
   573 | D:2      | Slain by an orc

Vault maps used:
D:1:      ldierk_walled_garden, serial_curves, eino_curves_04, eino_curves_01,
          eino_curves_01, eino_curves_04, minmay_domino_4
D:2:      nemelex_altar_shiori

Skill      XL: |  1  2 |
---------------+-------+-----
Dodging        | 5 |  5.3
Fighting       | |  2.7
Short Blades   | |  3.6
Stealth        | |  3.7

Action                   || total
-------------------------++-------
Melee: Short sword       ||    84
  Use: Potion            ||     1
 Stab: Sleeping          ||     4
Armor: Robe              ||    15
Dodge: Dodged            ||   115

Table legend:
 A = Non-vault XP
 B = Vault XP
 C = Vault XP percentage of total XP
 D = Non-vault monster count
 E = Vault monster count
 F = Vault count percentage of total count
                 A         B        C        D         E       F
            +---------+---------+-------+---------+---------+-------
      Total |      54 |       2 |   3.6 |      24 |       2 |   7.7
            +---------+---------+-------+---------+---------+-------
        D:1 |      32 |       2 |   5.9 |      19 |       2 |   9.5
        D:2 |      22 |       0 |   0.0 |       5 |       0 |   0.0
            +---------+---------+-------+---------+---------+-------
